 Dungeon Crawl Stone Soup version 0.24.0-125-gc4c63601f3 (webtiles) character file.

Game seed: 49558470663736870, levelgen mode: deterministic

21 LraC the Grave Robber (level 2, 0/19 HPs)
             Began as a Demonspawn Necromancer on Mar 6, 2020.
             Succumbed to an adder's poison
             ... on level 2 of the Dungeon.
             The game lasted 00:08:36 (879 turns).

LraC the Grave Robber (Demonspawn Necromancer)       Turns: 879, Time: 00:08:37

Health: 0/19       AC:  3    Str:  8    XL:     2   Next: 62%
Magic:  3/5        EV: 11    Int: 16    God:
Gold:   15         SH:  0    Dex: 13    Spells: 3/5 levels left

rFire    . . .     SeeInvis .   b - +0 short sword
rCold    . . .     Gourm    .   (no shield)
rNeg     . . .     Faith    +   h - +0 leather armour
rPois    .         Spirit   .   (no helmet)
rElec    .         Reflect  .   (no cloak)
rCorr    .         Harm     .   (no gloves)
MR       .....                  (no boots)
Stlth    ++........             i - amulet of faith
HPRegen  0.06/turn              (no ring)
MPRegen  0.09/turn              (no ring)

@: lethally poisoned (0 -> -3), very slightly contaminated
A: powered by death 1
a: no special abilities


You were on level 2 of the Dungeon.
You were not hungry.

You visited 1 branch of the dungeon, and saw 2 of its levels.

You collected 15 gold pieces.

Inventory:

Hand Weapons
 b - a +0 short sword (weapon)
 d - a +0 club
 e - a +0 hand axe
 k - a +0 club
 l - a +0 dagger
 n - a +0 club
Missiles
 f - 3 atropa-tipped darts
 g - 6 boomerangs (quivered)
 m - 11 stones
Armour
 a - a +0 robe
 h - a +0 leather armour (worn)
Jewellery
 i - an amulet of faith (around neck)
Comestibles
 c - a ration
 j - 6 chunks of flesh


   Skills:
 + Level 0.2 Throwing
 + Level 1.8 Dodging
 + Level 1.7 Stealth
 + Level 2.1 Spellcasting
 + Level 5.0 Necromancy


You had 3 spell levels left.
You knew the following spells:

 Your Spells              Type           Power        Failure   Level  Hunger
a - Pain                  Necr           ###.         3%          1    #......
b - Animate Skeleton      Necr           N/A          3%          1    #......

Your spell library contained the following spells:

 Spells                   Type           Power        Failure   Level  Hunger
 Vampiric Draining        Necr           ###.......   12%         3    ###....
 Regeneration             Chrm/Necr      #.........   32%         3    ###....
 Animate Dead             Necr           N/A          36%         4    #####..


Dungeon Overview and Level Annotations

Branches:
Dungeon (2/15)

Altars:


Innate Abilities, Weirdness & Mutations

You regenerate a little health from kills.


Message History

You feel sick.
Your goblin skeleton barely misses the adder.
The adder bites you.
* * * LOW HITPOINT WARNING * * *
Your goblin skeleton hits the adder.
Unknown command.
Casting: Pain (safe; 4% risk of failure)
Confirm with . or Enter, or press ? or * to list all spells.
Aiming: Pain (safe; 4% risk of failure)
Press: ? - help, Shift-Dir - straight line, f/p - adder
Aim: an adder (almost dead, chance to defeat MR: 82%)
The adder writhes in agony!
You kill the adder!
Your Necromancy skill increases to level 5!
There is a lethal amount of poison in your body!
* * * LOW HITPOINT WARNING * * *
You feel sick.
You see here an adder corpse.
You aren't quite hungry enough to eat that!
You die...

#.#...# #.##.# .
##.##..####.##.# %
#..)#.......##.##
#..###..#####.#.#.##
#.#...#.#####..###.#
#.##.##.........#.##
#..#$#...##.........
#..###Z.###.#...####
#.@.Z..# #.#...#
##.##...##.#...#
#..............
###....>#.##.##
....#.#.##. ##.#.#.#
## #.....# ...


You could see 2 friendly goblin skeletons.

Vanquished Creatures
  An adder (D:2)
  A dart slug (D:1)
  2 goblins (D:2)
  3 hobgoblins
  A ball python (D:1)
  A bat (D:1)
  A frilled lizard (D:1)
  A kobold (D:2)
  3 rats (D:1)
14 creatures vanquished.

Notes
Turn   | Place    | Note
-------+----------+-------------------------------------------
     0 | D:1      | LraC the Demonspawn Necromancer began the quest for the
                  | Orb.
     0 | D:1      | Reached XP level 1. HP: 13/13 MP: 3/3
     2 | D:1      | Learned a level 1 spell: Animate Skeleton
   557 | D:1      | Gained mutation: You regenerate a little health from kills.
                  | [demonic ancestry]
   557 | D:1      | Reached XP level 2. HP: 18/19 MP: 3/5
   875 | D:2      | Reached skill level 5 in Necromancy
   879 | D:2      | Succumbed to an adder's poison

Levels and vault maps discovered:
D:1:      dpeg_arrival_simpleton_a, layout_loops_ring
D:2:      layout_loops_ring, minmay_ruptured

Skill      XL: |  1  2 |
---------------+-------+-----
Necromancy     | 5 |  5.0
Throwing       | |  0.2
Dodging        | |  1.8
Stealth        | |  1.7
Spellcasting   | |  2.1

Action                   || total
-------------------------++-------
Melee: Short sword       ||     5
Throw: Boomerang         ||    12
 Cast: Pain              ||    16
       Animate Skeleton  ||     6
  Use: Potion            ||     2
       Scroll            ||     1
Armor: Leather armour    ||     1
Dodge: Dodged            ||     7
